 Dungeon Crawl Stone Soup version 0.30.1-3-gfc49f6343a (webtiles) character file.

Game seed: 9858086934289029103

338 zimm66 the Ruffian (level 6, -9/61 HPs)
             Began as a Troll Berserker on Aug 7, 2023.
             Was a Believer of Trog.
             Mangled by Blork the orc
             ... wielding a +1 heavy war axe
              (19 damage)
             ... on level 4 of the Dungeon.
             The game lasted 00:04:19 (1888 turns).

zimm66 the Ruffian (Troll Berserker)                Turns: 1888, Time: 00:04:20

Health: -9/61      AC:  5    Str: 28    XL:     6   Next: 29%
Magic:  5/5        EV: 10    Int:  3    God:    Trog [**....]
Gold:   172        SH:  0    Dex:  9    Spells: 5/5 levels left

rFire   . .          .
                       - Unarmed
rCold   . . .        (no shield)
rNeg    . . .        h - +0 robe
rPois   .            (helmet restricted)
rElec   .            b - +0 cloak
rCorr   .            (gloves unavailable)
SInv    .            (boots unavailable)
Will    .....        (no amulet)
Stlth   +            (no ring)
HPRegen 1.10/turn    (no ring)
MPRegen 0.09/turn

%: no passive effects
@: no status effects
A: large, unfitting armour, claws 3, regeneration 1, shaggy fur 1, tough skin 1
a: Renounce Religion, Berserk, Trog's Hand


You were on level 4 of the Dungeon.
You worshipped Trog.
Trog was pleased with you.
You visited 1 branch of the dungeon, and saw 4 of its levels.

You collected 172 gold pieces.

Inventory:

Armour
 b - a +0 cloak (worn)
 h - a +0 robe (worn)
Wands
 l - a wand of light (4)
 n - a wand of polymorph (6)
 o - a wand of mindburst (16)
Scrolls
 a - a scroll of torment {unknown}
 c - a scroll of vulnerability {unknown}
 f - 2 scrolls of identify {unknown}
 j - a scroll of magic mapping {unknown}
 m - a scroll of fear {unknown}
 p - a scroll of fog {unknown}
 q - a scroll of immolation {unknown}
Potions
 d - a potion of curing {unknown}
 e - a potion of brilliance {unknown}
 g - 2 potions of heal wounds {unknown}
 i - 2 potions of invisibility
 k - a potion of cancellation {unknown}


   Skills:
 + Level 3.1 Fighting
 + Level 3.7 Dodging
 + Level 0.7 Stealth
 + Level 5.4 Unarmed Combat


You had 5 spell levels left.
You didn't know any spells.
Your spell library was empty.

Dungeon Overview and Level Annotations

Branches:
Dungeon (4/15)
 Temple: D:4-7

Altars:

Annotations:
D:4 Blork the orc


Innate Abilities, Weirdness & Mutations

You are too large for most types of armour.
You have claws for hands.
Your natural rate of healing is unusually fast.
You are covered in fur. (AC +1)
You have tough skin. (AC +1)


Message History

You scratch the centaur.
You kill the centaur!
Trog accepts your kill.
You have reached level 6!
You feel stronger.
Blork the orc screams, "I'll break your legs!"
Blork the orc attacks as you move away! Blork the orc barely misses you.
Blork the orc mumbles some strange words.
Blork the orc seems to speed up.
Blork the orc casts a spell at you. The magic dart hits you.
Blork the orc closely misses you.
Blork the orc gestures at you while chanting.
The puff of flame hits you! Blork the orc attacks as you move away!
Blork the orc hits you with a +1 heavy war axe.
Blork the orc suddenly roars.
Blork the orc hits you with a +1 heavy war axe.
Blork the orc casts a spell at you. The puff of frost hits you!
Blork the orc miscasts a cantrip.
Blork the orc points at you and mumbles some strange words.
The puff of frost hits you. Blork the orc attacks as you move away!
Blork the orc hits you with a +1 heavy war axe!
* * * LOW HITPOINT WARNING * * *
2 jackals come into view.
Found 2 fuming pink potions.
You scratch Blork the orc. You claw Blork the orc!
Blork the orc is moderately wounded.
Blork the orc hits you with a +1 heavy war axe.
* * * LOW HITPOINT WARNING * * *
You completely miss Blork the orc.
Blork the orc is moderately wounded.
Blork the orc hits you with a +1 heavy war axe!
* * * LOW HITPOINT WARNING * * *
You barely miss Blork the orc.
Blork the orc is moderately wounded.
Blork the orc hits you with a +1 heavy war axe!!
You die...

.......###.....
.#.....# #.. ... ..
+#.....# ..! .
.....###.# .. .
.........# h..#
....######### h#.#
............. ...
....#############.#
...............o@.#
.##################
.# .# .# ####### .#
....... .# .......
.# .......
.##...?...


You could see Blork the orc (fast) and 2 jackals.

Vanquished Creatures
  The ghost of Tirrikindir the Shield-Bearer, an amateur OpFi (D:3)
  A centaur (D:4)
  A jelly (D:4)
  Ijyb (D:3)
  2 worms
  4 dart slugs
  9 orcs (D:3)
  7 ball pythons
  4 endoplasms
  2 giant cockroaches
  4 goblins
  4 hobgoblins
  3 jackals (D:3)
  5 kobolds
  A quokka (D:1)
  5 bats
  2 frilled lizards (D:3)
  9 rats
65 creatures vanquished.

Notes
Turn   | Place    | Note
-------+----------+-------------------------------------------
     0 | D:1      | zimm66 the Troll Berserker began the quest for the Orb.
     0 | D:1      | Reached XP level 1. HP: 22/22 MP: 0/0
   283 | D:1      | Reached XP level 2. HP: 29/29 MP: 1/1
   754 | D:2      | Reached ** piety under Trog
   838 | D:2      | Reached XP level 3. HP: 36/36 MP: 2/2
  1267 | D:3      | Found a faded altar of an unknown god.
  1293 | D:3      | Noticed Ijyb
  1316 | D:3      | Killed Ijyb
  1317 | D:3      | Reached XP level 4. HP: 28/44 MP: 3/3
  1329 | D:3      | Reached skill level 4 in Unarmed Combat
  1510 | D:3      | Found a runed translucent gate.
  1510 | D:3      | Noticed Tirrikindir's ghost (amateur OpFi)
  1511 | D:3      | Found a runed translucent gate.
  1511 | D:3      | Identified the +3 hand axe "Kofigegh" {heavy, *Noise rElec
                  | Int+2 SInv}
  1512 | D:3      | Found a runed translucent gate.
  1692 | D:3      | Killed Tirrikindir's ghost
  1693 | D:3      | Reached skill level 5 in Unarmed Combat
  1693 | D:3      | Reached XP level 5. HP: 15/53 MP: 4/4
  1853 | D:4      | Noticed Blork the orc
  1853 | D:4      | Noticed a centaur
  1860 | D:4      | Killed a centaur
  1861 | D:4      | Reached XP level 6. HP: 31/61 MP: 5/5
  1888 | D:4      | Mangled by Blork the orc

Illustrated notes

Levels and vault maps discovered:
D:1:      nagdon_arrival_zigzag_paths, layout_basic
D:2:      layout_rooms, chequers_garden
D:3:      layout_rooms, ebering_ecumenical_altar_hall,
          biasface_ghost_orc_armoury, uniq_ijyb
D:4:      layout_basic, nicolae_hepliaklqana_hazy_memory,
          ebering_dispersal_statue_hall, eino_small_chamber_without_monster,
          uniq_natasha, uniq_blork_the_orc

Skill      XL: |  1  2  3  4 |
---------------+-------------+-----
Dodging        | 3 |  3.7
Unarmed Combat | 5 |  5.4
Fighting       | 3 |  3.1
Stealth        | |  0.7

Action                     |  1- 3 |  4- 6 || total
---------------------------+-------+-------++-------
  Melee: Unarmed           |   122 |    58 ||   180
         Punch             |     2 |     1 ||     3
 Invoke: Berserk           |     1 |     1 ||     2
         Trog's Hand       |       |     1 ||     1
   Stab: Sleeping          |     1 |       ||     1
 Armour: Animal skin       |    23 |       ||    23
         Robe              |    31 |    22 ||    53
  Dodge: Dodged            |    64 |    26 ||    90
